General information
- name: BNet
- type: Ladder team game (AT/RT)
- host: Battle.net
- saver: RedCloakRedHat
map: Mur'gulOasis
- players: 8
- length: 38:19
- speed: Fast
- version: 1.26 W3XP
- replay type: Public
» download(221 KB)
Players
team 1 (loser)
m3so. (
teal | 49 APM | 1877 actions | 38:19)
6 Goblin Alchemist
2 Chemical Rage
3 Acid Bomb
1 Transmute
» actions
| Assign group hotkey | 32 | |
| Basic commands | 123 | |
| Build / train | 37 | |
| ESC pressed | 2 | |
| Enter build submenu | 10 | |
| Enter hero's abilities submenu | 6 | |
| Give item / drop item | 6 | |
| Right click | 1292 | |
| Select / deselect | 169 | |
| Select group hotkey | 113 | |
| Use ability | 87 | |
1877 total
» units
» buildings
| Blacksmith | 1 | |
| Altar of Kings | 1 | |
| Farm | 4 | |
| Barracks | 1 | |
| Lumber Mill | 1 | |
| Arcane Vault | 1 | |
| Keep | 1 | |
10 total
» build order
00:48 Blacksmith
00:53 Altar of Kings
00:55 Farm
01:03 Barracks
01:23 Lumber Mill
01:28 Farm
02:30 Farm
02:45 Arcane Vault
03:50 Farm
04:18 Keep
» items
| Scroll of Regeneration | 3 | |
| Boots of Speed | 1 | |
| Circlet of Nobility | 1 | |
| Potion of Healing | 2 | |
| Healing Salve | 2 | |
| Potion of Lesser Invulnerability | 1 | |
| Potion of Invisibility | 1 | |
11 total
Ruthless (
purple | 43 APM | 1640 actions | 38:19)
7 Archmage
3 Summon Water Elemental
3 Brilliance Aura
1 Mass Teleport
» actions
| Assign group hotkey | 90 | |
| Basic commands | 103 | |
| Build / train | 65 | |
| Enter build submenu | 27 | |
| Enter hero's abilities submenu | 7 | |
| Give item / drop item | 3 | |
| Right click | 632 | |
| Select / deselect | 333 | |
| Select group hotkey | 281 | |
| Use ability | 99 | |
1640 total
» units
| Peasant | 12 | |
| Footman | 4 | |
| Gryphon Rider | 5 | |
| Dragonhawk Rider | 8 | |
29 total
» upgrades
| Masonry | 3 | |
| Lumber Harvesting | 2 | |
| Storm Hammers | 1 | |
| Swords | 3 | |
| Armor | 3 | |
| Animal War Training | 1 | |
| Cloud | 1 | |
14 total
» buildings
| Altar of Kings | 1 | |
| Barracks | 1 | |
| Farm | 7 | |
| Lumber Mill | 1 | |
| Keep | 1 | |
| Arcane Vault | 1 | |
| Scout Tower | 7 | |
| Guard Tower | 2 | |
| Castle | 1 | |
| Gryphon Aviary | 3 | |
| Blacksmith | 2 | |
| Town Hall | 3 | |
30 total
» build order
00:50 Altar of Kings
00:51 Barracks
00:57 Farm
01:01 Farm
01:05 Farm
01:39 Farm
03:12 Lumber Mill
03:29 Keep
03:47 Arcane Vault
04:32 Scout Tower
04:33 Scout Tower
04:35 Scout Tower
04:36 Scout Tower
05:17 Guard Tower
05:33 Scout Tower
05:34 Scout Tower
05:37 Scout Tower
06:04 Castle
06:49 Guard Tower
08:03 Gryphon Aviary
08:04 Gryphon Aviary
08:09 Blacksmith
08:11 Blacksmith
09:02 Farm
09:08 Farm
10:00 Farm
16:52 Town Hall
24:34 Town Hall
24:52 Town Hall
» items
| Scroll of Regeneration | 3 | |
| Lesser Clarity Potion | 1 | |
| Scroll of Town Portal | 4 | |
| Mechanical Critter | 2 | |
10 total
ROME.WARRIOR. (
green | 43 APM | 1654 actions | 38:19)
2 Far Seer
1 Feral Spirit
1 Chain Lighting
3 Shadow Hunter
1 Hex
2 Healing Wave
» actions
| Assign group hotkey | 49 | |
| Basic commands | 16 | |
| Build / train | 56 | |
| Enter build submenu | 23 | |
| Enter hero's abilities submenu | 5 | |
| Right click | 765 | |
| Select / deselect | 230 | |
| Select group hotkey | 394 | |
| Use ability | 116 | |
1654 total
» units
» upgrades
| Ranged Weapons | 3 | |
| Reinforced Defenses | 1 | |
| Liquid Fire | 1 | |
| Armor | 2 | |
7 total
» buildings
| Altar of Storms | 1 | |
| Orc Burrow | 4 | |
| War Mill | 1 | |
| Voodoo Lounge | 3 | |
| Watch Tower | 30 | |
| Stronghold | 2 | |
| Fortress | 2 | |
| Beastiary | 3 | |
46 total
» build order
00:10 Altar of Storms
00:18 Orc Burrow
00:40 War Mill
01:19 Voodoo Lounge
01:54 Watch Tower
02:12 Watch Tower
02:29 Watch Tower
02:42 Orc Burrow
03:01 Watch Tower
03:30 Watch Tower
04:38 Stronghold
04:38 Stronghold
04:42 Orc Burrow
04:47 Orc Burrow
05:14 Watch Tower
07:17 Fortress
07:17 Fortress
07:34 Beastiary
07:37 Beastiary
07:48 Watch Tower
07:48 Watch Tower
07:48 Watch Tower
07:49 Watch Tower
11:49 Watch Tower
12:35 Watch Tower
12:36 Watch Tower
12:36 Watch Tower
13:58 Watch Tower
13:59 Watch Tower
13:59 Watch Tower
14:01 Watch Tower
14:01 Watch Tower
14:01 Watch Tower
17:49 Beastiary
19:48 Watch Tower
19:49 Watch Tower
19:49 Watch Tower
19:50 Watch Tower
19:50 Watch Tower
19:51 Watch Tower
19:51 Watch Tower
19:52 Watch Tower
19:52 Watch Tower
19:53 Watch Tower
23:41 Voodoo Lounge
23:45 Voodoo Lounge
» items
| Healing Salve | 1 | |
| Staff of Teleportation | 2 | |
| Lesser Clarity Potion | 1 | |
4 total
TimTebow (
blue | 39 APM | 405 actions | 10:25)
3 Mountain King
2 Storm Bolt
1 Bash
» actions
| Assign group hotkey | 28 | |
| Basic commands | 29 | |
| Build / train | 31 | |
| Enter build submenu | 19 | |
| Enter hero's abilities submenu | 3 | |
| Right click | 129 | |
| Select / deselect | 121 | |
| Select group hotkey | 12 | |
| Use ability | 33 | |
405 total
» units
| Peasant | 9 | |
| Rifleman | 10 | |
| Priest | 1 | |
| Sorceress | 1 | |
21 total
» upgrades
» buildings
| Altar of Kings | 1 | |
| Farm | 8 | |
| Blacksmith | 1 | |
| Barracks | 1 | |
| Scout Tower | 2 | |
| Arcane Tower | 1 | |
| Lumber Mill | 1 | |
| Keep | 1 | |
| Arcane Vault | 1 | |
| Arcane Sanctum | 2 | |
19 total
» build order
00:19 Altar of Kings
00:23 Farm
00:25 Blacksmith
01:31 Barracks
01:53 Farm
02:07 Scout Tower
02:35 Farm
02:40 Arcane Tower
03:20 Farm
03:27 Lumber Mill
03:44 Keep
04:10 Farm
04:14 Farm
04:40 Arcane Vault
05:16 Farm
06:03 Farm
06:32 Scout Tower
07:16 Arcane Sanctum
07:50 Arcane Sanctum
» items
| Potion of Healing | 1 | |
| Scroll of Regeneration | 1 | |
2 total
team 2 (winner)
6thgj (
red | 85 APM | 2241 actions | 26:20)
5 Goblin Tinker
3 Pocket Factory
2 Engineering Upgrade
3 Paladin
2 Holy Light
1 Divine Shield
» actions
| Assign group hotkey | 32 | |
| Basic commands | 23 | |
| Build / train | 104 | |
| Enter build submenu | 20 | |
| Enter hero's abilities submenu | 8 | |
| Give item / drop item | 2 | |
| Remove unit from queue | 1 | |
| Right click | 558 | |
| Select / deselect | 275 | |
| Select group hotkey | 1153 | |
| Use ability | 65 | |
2241 total
» units
| Peasant | 10 | |
| Footman | 29 | |
| Gryphon Rider | 19 | |
58 total
» upgrades
| Defend | 1 | |
| Plating | 1 | |
| Swords | 1 | |
| Armor | 1 | |
| Animal War Training | 1 | |
5 total
» buildings
| Altar of Kings | 1 | |
| Farm | 12 | |
| Barracks | 2 | |
| Scout Tower | 13 | |
| Arcane Tower | 6 | |
| Keep | 1 | |
| Blacksmith | 1 | |
| Lumber Mill | 2 | |
| Castle | 2 | |
| Gryphon Aviary | 2 | |
| Guard Tower | 8 | |
50 total
» build order
01:02 Altar of Kings
01:18 Farm
01:33 Barracks
01:49 Barracks
01:53 Farm
01:55 Farm
02:19 Farm
02:26 Scout Tower
02:26 Scout Tower
02:29 Scout Tower
03:03 Arcane Tower
03:03 Arcane Tower
03:33 Arcane Tower
04:00 Arcane Tower
04:08 Farm
04:55 Farm
06:07 Keep
06:29 Farm
07:55 Blacksmith
08:28 Lumber Mill
08:34 Castle
08:34 Castle
10:49 Gryphon Aviary
10:52 Gryphon Aviary
12:20 Lumber Mill
13:13 Farm
13:13 Farm
13:14 Farm
13:14 Farm
13:15 Farm
13:32 Scout Tower
13:32 Scout Tower
13:34 Scout Tower
13:36 Scout Tower
13:38 Scout Tower
14:10 Guard Tower
14:13 Guard Tower
14:15 Guard Tower
14:19 Guard Tower
14:36 Guard Tower
15:19 Scout Tower
15:21 Scout Tower
15:22 Scout Tower
15:23 Scout Tower
17:03 Arcane Tower
17:13 Guard Tower
17:39 Arcane Tower
17:44 Scout Tower
18:23 Guard Tower
19:37 Guard Tower
» items
| Scroll of Town Portal | 3 | |
| Orb of Fire | 1 | |
| Orb of Corruption | 1 | |
5 total
taticalcow (
orange | 88 APM | 3389 actions | 38:19)
5 Death Knight
1 Death Coil
1 Death Pact
3 Unholy Aura
3 Dreadlord
1 Sleep
2 Vampiric Aura
» actions
| Assign group hotkey | 35 | |
| Basic commands | 100 | |
| Build / train | 62 | |
| Enter build submenu | 47 | |
| Enter hero's abilities submenu | 8 | |
| Give item / drop item | 1 | |
| Right click | 1361 | |
| Select / deselect | 313 | |
| Select group hotkey | 1385 | |
| Use ability | 77 | |
3389 total
» units
| Acolyte | 8 | |
| Ghoul | 4 | |
| Crypt Fiend | 10 | |
| Obsidian Statue | 4 | |
26 total
» upgrades
| Creature Carapace | 3 | |
| Creature Attack | 1 | |
| Web | 1 | |
| Burrow | 1 | |
6 total
» buildings
| Crypt | 2 | |
| Ziggurat | 19 | |
| Altar of Darkness | 1 | |
| Graveyard | 1 | |
| Tomb of Relics | 1 | |
| Nerubian Tower | 4 | |
| Halls of the Dead | 1 | |
| Slaughterhouse | 2 | |
| Black Citadel | 1 | |
| Sacrificial Pit | 1 | |
| Necropolis | 1 | |
| Boneyard | 1 | |
| Spirit Tower | 7 | |
42 total
» build order
00:20 Crypt
00:23 Ziggurat
00:40 Ziggurat
00:43 Altar of Darkness
00:57 Graveyard
01:16 Tomb of Relics
01:22 Nerubian Tower
01:27 Crypt
01:58 Ziggurat
02:38 Ziggurat
03:48 Ziggurat
04:37 Halls of the Dead
05:13 Ziggurat
05:15 Nerubian Tower
05:55 Ziggurat
07:24 Slaughterhouse
07:25 Black Citadel
07:56 Ziggurat
08:22 Slaughterhouse
08:26 Sacrificial Pit
09:41 Ziggurat
10:38 Ziggurat
11:04 Necropolis
12:05 Boneyard
13:27 Ziggurat
13:29 Ziggurat
13:32 Spirit Tower
13:43 Ziggurat
13:45 Ziggurat
14:50 Ziggurat
15:17 Nerubian Tower
15:46 Spirit Tower
15:48 Ziggurat
15:50 Ziggurat
16:42 Spirit Tower
16:58 Ziggurat
17:26 Ziggurat
18:28 Nerubian Tower
19:05 Spirit Tower
22:21 Spirit Tower
22:23 Spirit Tower
22:23 Spirit Tower
» items
| Rod of Necromancy | 1 | |
| Dust of Appearance | 1 | |
| Scroll of Town Portal | 2 | |
| Orb of Corruption | 1 | |
5 total
RedCloakRedHat (
pink | 80 APM | 3047 actions | 38:19)
6 Archmage
3 Summon Water Elemental
2 Brilliance Aura
1 Mass Teleport
» actions
| Assign group hotkey | 98 | |
| Basic commands | 322 | |
| Build / train | 174 | |
| ESC pressed | 13 | |
| Enter build submenu | 52 | |
| Enter hero's abilities submenu | 6 | |
| Give item / drop item | 5 | |
| Remove unit from queue | 2 | |
| Right click | 902 | |
| Select / deselect | 367 | |
| Select group hotkey | 931 | |
| Use ability | 174 | |
3047 total
» units
| Peasant | 12 | |
| Footman | 8 | |
| Rifleman | 9 | |
| Gryphon Rider | 4 | |
| Dragonhawk Rider | 5 | |
| Knight | 1 | |
39 total
» upgrades
| Gunpowder | 4 | |
| Plating | 3 | |
| Defend | 1 | |
| Swords | 5 | |
| Masonry | 3 | |
| Long Rifles | 1 | |
| Armor | 3 | |
| Animal War Training | 1 | |
| Storm Hammers | 1 | |
| Cloud | 1 | |
| Lumber Harvesting | 2 | |
| Backpack | 1 | |
26 total
» buildings
| Altar of Kings | 1 | |
| Barracks | 1 | |
| Farm | 13 | |
| Arcane Vault | 1 | |
| Blacksmith | 1 | |
| Keep | 4 | |
| Lumber Mill | 1 | |
| Scout Tower | 27 | |
| Guard Tower | 56 | |
| Castle | 1 | |
| Gryphon Aviary | 2 | |
| Town Hall | 2 | |
110 total
» build order
00:53 Altar of Kings
00:54 Barracks
00:55 Farm
01:07 Farm
01:35 Farm
02:19 Farm
02:22 Arcane Vault
02:57 Blacksmith
03:11 Farm
05:08 Keep
05:08 Keep
05:08 Keep
06:29 Lumber Mill
06:32 Scout Tower
06:34 Scout Tower
06:35 Scout Tower
06:37 Scout Tower
08:33 Guard Tower
08:34 Guard Tower
08:34 Guard Tower
08:49 Farm
08:49 Farm
08:53 Castle
10:46 Gryphon Aviary
10:48 Gryphon Aviary
12:55 Farm
12:56 Farm
12:58 Farm
13:05 Scout Tower
13:06 Scout Tower
13:08 Scout Tower
13:09 Scout Tower
13:10 Scout Tower
13:37 Guard Tower
13:38 Guard Tower
13:38 Guard Tower
13:39 Guard Tower
13:39 Guard Tower
13:39 Guard Tower
13:52 Guard Tower
13:52 Guard Tower
14:39 Guard Tower
14:39 Guard Tower
14:39 Guard Tower
14:53 Town Hall
14:55 Scout Tower
14:56 Scout Tower
14:59 Scout Tower
15:00 Scout Tower
15:27 Guard Tower
15:33 Guard Tower
15:33 Guard Tower
15:55 Guard Tower
15:55 Guard Tower
15:55 Guard Tower
16:14 Guard Tower
16:15 Guard Tower
16:17 Scout Tower
16:22 Scout Tower
16:25 Scout Tower
16:28 Scout Tower
16:31 Scout Tower
16:50 Guard Tower
16:50 Guard Tower
16:51 Guard Tower
16:55 Guard Tower
16:55 Guard Tower
16:55 Guard Tower
17:40 Guard Tower
17:41 Guard Tower
19:08 Scout Tower
19:09 Scout Tower
19:11 Scout Tower
19:15 Scout Tower
19:19 Scout Tower
19:41 Guard Tower
19:42 Guard Tower
19:46 Guard Tower
19:46 Guard Tower
19:46 Guard Tower
20:31 Guard Tower
20:32 Guard Tower
20:32 Guard Tower
24:40 Town Hall
24:46 Scout Tower
24:54 Scout Tower
24:54 Scout Tower
24:55 Scout Tower
25:21 Guard Tower
25:22 Guard Tower
25:25 Guard Tower
25:25 Guard Tower
32:12 Farm
32:14 Farm
32:18 Farm
» items
| Scroll of Regeneration | 4 | |
| Mechanical Critter | 2 | |
| Periapt of Vitality | 1 | |
| Staff of Teleportation | 1 | |
| Staff of Sanctuary | 1 | |
| Potion of Lesser Invulnerability | 1 | |
10 total
bibiche25 (
yellow | 9 APM | 220 actions | 24:51)
Chat log
(00:07 / All) ROME.WARRIOR.: TEBOW #1
(00:09 / All) Ruthless: Tim Tebow next super bowl MVP
(00:13 / All) Ruthless: you heard it here first
(00:31 / Allies) taticalcow: ty
(00:32 / Allies) bibiche25: make us win
(01:00 / Allies) taticalcow: rush i got spiders
(01:34 / Allies) taticalcow: rush ok?
(01:38 / Allies) 6thgj: K
(01:40 / Allies) RedCloakRedHat: k
(01:43 / Allies) RedCloakRedHat: hit an inside base
(01:48 / Allies) RedCloakRedHat: weaker and less likely towers
(01:49 / Allies) bibiche25: we need a good rush fast
(02:14 / Allies) RedCloakRedHat: inside bases are weaker for rush
(03:16 / Allies) bibiche25: red hero
(03:49 / Allies) bibiche25: go rush live up
(03:56 / Allies) bibiche25: you are ready guys
(04:03 / Allies) RedCloakRedHat: just getting lvl 2 and omw
(04:24 / Allies) bibiche25: spend money guys
(04:48 / Allies) taticalcow: go?
(05:01 / Allies) taticalcow: go
(05:50 / Allies) bibiche25: continu to send unit guys
(05:51 / All) ROME.WARRIOR.: dat maphack oj
(06:52 / Allies) bibiche25: pink send unit
(06:54 / Allies) bibiche25: spend
(08:11 / Allies) taticalcow: nice feeding
(08:13 / Allies) bibiche25: huge win
(08:21 / Allies) bibiche25: ty
(08:41 / Allies) taticalcow: next
(10:33 / All) ROME.WARRIOR.: fucker could have given his wood
(10:49 / Allies) taticalcow: fix
(10:50 / Allies) taticalcow: fix
(11:00 / Allies) bibiche25: ty
(11:05 / All) ROME.WARRIOR.: try hard nigger oj
(11:12 / All) taticalcow: qq
(11:17 / All) ROME.WARRIOR.: oh ill qq
(11:19 / All) ROME.WARRIOR.: ill qq all right
(11:26 / All) taticalcow: qq
(11:32 / All) ROME.WARRIOR.: oh ill qq all right
(11:38 / All) taticalcow: qq
(12:03 / All) ROME.WARRIOR.: ill
(12:09 / All) ROME.WARRIOR.: QQ
(13:08 / Allies) bibiche25: move pink
(13:14 / Allies) bibiche25: finish that guys
(13:30 / Allies) bibiche25: take the mine
(13:34 / Allies) taticalcow: k
(14:22 / Allies) taticalcow: otwer up bats
(14:34 / Allies) RedCloakRedHat: they are tower noobs just build up dudes
(14:40 / All) ROME.WARRIOR.: hope u tower behind that gold mine oj
(14:44 / All) ROME.WARRIOR.: dont want useless towers now do we
(14:45 / All) taticalcow: qq
(14:45 / All) ROME.WARRIOR.: Q
(14:46 / All) ROME.WARRIOR.: Q
(16:46 / All) Ruthless: I hate auto cast web
(16:50 / All) taticalcow: qq
(16:54 / Allies) bibiche25: attack why you wait
(17:03 / All) Ruthless: yes you will be doing a lot of it
(17:24 / Allies) RedCloakRedHat: meet at my base
(17:26 / Allies) RedCloakRedHat: lets hit green
(17:35 / Allies) taticalcow: gold?
(18:57 / Allies) bibiche25: move
(18:59 / Allies) bibiche25: play
(19:01 / Allies) bibiche25: attack
(19:18 / All) Ruthless: nice mh lol
(19:21 / All) taticalcow: qq
(19:28 / All) RedCloakRedHat: he goes only for the weak bases
(19:31 / All) RedCloakRedHat: and gets a lucky creep jack
(19:34 / All) RedCloakRedHat: hmmmm looks like a maphacker
(19:37 / All) Ruthless: he mhs
(19:42 / All) Ruthless: he went for my expo
(19:48 / Allies) bibiche25: make 2 other tower oj
(20:07 / All) Ruthless: insta tps
(20:13 / All) Ruthless: befoore even attacked lol
(20:14 / All) Ruthless: 100% mhs
(20:53 / Allies) taticalcow: need gold bad
(21:03 / Allies) RedCloakRedHat: you need skill
(21:05 / Allies) RedCloakRedHat: fucking hacker
(21:26 / Allies) RedCloakRedHat: faggot red
(21:28 / Allies) RedCloakRedHat: just stole my level 6
(21:31 / Allies) RedCloakRedHat: and ruined my levelup
(21:49 / Allies) bibiche25: nice job
(22:00 / All) RedCloakRedHat: I have a fucking hacker on my team
(22:03 / All) RedCloakRedHat: and an xp leecher, orange
(22:29 / Allies) bibiche25: whart you doing pink
(22:32 / Allies) RedCloakRedHat: killing a maphacker
(22:46 / Allies) RedCloakRedHat: fucking hacker faggot
(22:47 / Allies) bibiche25: play
(22:49 / Allies) bibiche25: play
(22:51 / Allies) RedCloakRedHat: play RIGHT
(22:53 / Allies) RedCloakRedHat: and play LEGIT
(22:55 / Allies) taticalcow: hwat u doing stupid
(22:55 / Allies) bibiche25: play stupid shit
(22:59 / Allies) RedCloakRedHat: fucking hacker trash
(23:05 / Allies) taticalcow: your mother
(23:14 / Allies) bibiche25: why you just dont ply your game
(23:22 / Allies) bibiche25: what fuck stupid guys
(23:30 / Allies) bibiche25: oh my god
(23:36 / Allies) RedCloakRedHat: orange is a hacker
(23:43 / Allies) taticalcow: whatever bitch afk
(23:48 / Allies) RedCloakRedHat: he can't "just play", yellow
(23:49 / Allies) taticalcow: cry for me
(23:50 / Allies) RedCloakRedHat: he has to hack
(24:11 / Allies) bibiche25: they win because you just all weird
(24:17 / Allies) RedCloakRedHat: orange is hacking garbage
(24:20 / Allies) RedCloakRedHat: red is gryphonbot garbage
(24:21 / All) Ruthless: orange qqing?
(24:25 / All) Ruthless: qq orange?
(24:25 / All) ROME.WARRIOR.: qq
(24:25 / Allies) RedCloakRedHat: who leeches my xp
(24:32 / All) RedCloakRedHat: he qqed to my killing his hacker ass
(24:37 / All) RedCloakRedHat: and went afk
(24:42 / Allies) bibiche25: you the worst garbage on this game
(24:47 / Allies) RedCloakRedHat: hahaha
(24:47 / Allies) bibiche25: i lose my time motherfucker
(24:49 / Allies) RedCloakRedHat: sure buddy
(24:51 / Allies) RedCloakRedHat: kill yourself
(24:59 / All) RedCloakRedHat: "I lose my time motherfucker"
(25:16 / All) RedCloakRedHat: kill oj if you want he is afk
(25:19 / All) RedCloakRedHat: 1 cloud and he's out
(25:38 / All) RedCloakRedHat: My team has a hacker, it has to lose
(25:42 / All) Ruthless: Yeah
(25:48 / All) Ruthless: 10-7 with hacks and mass fiend
(25:49 / All) Ruthless: LOL
(25:53 / All) Ruthless: retard lost like 5 statues
(25:55 / All) ROME.WARRIOR.: once he saw me towering did he poitn at another base
(25:58 / All) Ruthless: at one time
(26:04 / All) Ruthless: to 50 griffs
(26:06 / All) Ruthless: food
(26:10 / All) RedCloakRedHat: yeah he saw all your towers cuz he went for turncoat's expo
(26:21 / All) Ruthless: went straight for it
(26:26 / All) ROME.WARRIOR.: that doesnt me he hacked
(26:26 / All) RedCloakRedHat: hahahaha red pussed out too to being tked
(26:35 / All) Ruthless: he went to the path they were gathering gold
(26:38 / All) Ruthless: not even attack move
(26:38 / All) RedCloakRedHat: red is the only one here and afk
(26:44 / All) Ruthless: didn't go to teal's base
(26:47 / All) RedCloakRedHat: Is the faggot known as teal talking?
(26:48 / All) Ruthless: straight to my expo in blues
(26:50 / All) ROME.WARRIOR.: oj u mean
(26:55 / All) ROME.WARRIOR.: teal has been cool
(26:55 / All) Ruthless: never scouted green and my base
(26:57 / All) ROME.WARRIOR.: actually
(27:06 / All) m3so.: what did I do wrong?
(27:23 / All) Ruthless: teal leave and you can get a tie
(27:32 / All) RedCloakRedHat: I guess not really anything but you're in our game
(27:40 / All) RedCloakRedHat: you gotta leave or be standoffed
(29:56 / All) RedCloakRedHat: My team put up absolutely no fight
(30:02 / All) RedCloakRedHat: I did not lose even one unit tking
(30:05 / All) RedCloakRedHat: They just all gave up
(30:06 / All) ROME.WARRIOR.: i told u guys we had this
(30:08 / All) RedCloakRedHat: red got raped by turncoat
(30:08 / All) ROME.WARRIOR.: so obvious
(30:16 / All) ROME.WARRIOR.: yellow feeding sealed the deal
(30:25 / All) RedCloakRedHat: If they attacked Bob when I only had rifles we may have been in trouble
(30:29 / All) RedCloakRedHat: But they're not good enough to try
(30:32 / All) RedCloakRedHat: he had 6 towers
(30:37 / All) Ruthless: orange didn't want to attack towers
(30:44 / All) Ruthless: if he didn't have mh and attacked my base he'd have easily beat me
(30:46 / All) RedCloakRedHat: He had more than enough units to kill 6 towers
(30:49 / All) RedCloakRedHat: but he's a coward
(31:17 / All) ROME.WARRIOR.: so ur saying he hacked or not
(31:22 / All) Ruthless: try to whisper orange
(31:29 / All) Ruthless: fag can't even spell lol
(31:30 / Allies) RedCloakRedHat: orange are you here?
(31:31 / Allies) RedCloakRedHat: orange?
(34:07 / All) ROME.WARRIOR.: dont matter to me i liked teal
(34:14 / All) Ruthless: Yeah it's whatev with teal
(34:22 / All) Ruthless: He stayed to fight with his one hero lawl
(34:54 / All) Ruthless: blue hooked me up with 171 gold before he left
(35:22 / All) RedCloakRedHat: Orange you here?
(35:25 / All) RedCloakRedHat: Speak for yourself
(35:26 / All) RedCloakRedHat: hacker trash
(36:28 / All) RedCloakRedHat: Speak for yourself orange
(36:40 / All) RedCloakRedHat: rationalise your qq more hacker ass who qqs out as soon as he is tked
(36:50 / All) RedCloakRedHat: your fiendbot hacker faggotry
(37:06 / All) RedCloakRedHat: 10-7 piece of fiendbot hacker shit
(37:10 / All) RedCloakRedHat: how are you 10-7 if you hack
(37:25 / All) RedCloakRedHat: Orange I'm giving you one more minute to explain yourself
(37:35 / All) Ruthless: Lack of skill
(37:46 / All) Ruthless: Auto web mass fiends, map hack
(37:48 / All) RedCloakRedHat: He's a complete newb
(37:53 / All) Ruthless: Clues point to this obvious conclusion
(37:53 / All) RedCloakRedHat: He uses maphack to make up for his lack of skill
(37:57 / All) RedCloakRedHat: and he's obvious about it too